cohdb
Replays
Latest Replays
All Replays
Popular Replays
Top Player Replays
Match Explorer
How It Works
Community
CoH3 Stats
Reddit
Sign in to upload your games and track your stats! →
Sign in with Steam
Match 45894377
Unlisted
Match 45894377
Overview
Messages
Build Orders
End
250 Light Carrier
Panzergrenadier Squad
Kradschützen Motorcycle Team
Panzergrenadier Squad
Panzergrenadier Squad
Construct Light Support Kompanie
Panzerjäger Mechanized Group
Fire Support Elements
Selects Italian Combined Arms Battlegroup
Selects Semovente da 75/18 Assault Gun
Panzergrenadier Squad
Construct Panzerarmee Kommand
Veteran Squad Leaders
Combat Half-tracks
Selects Carro Armato M13/40 Light Tank
Carro Armato M13/40 Light Tank
Selects Pact of Steel
Construct Panzerarmee Kommand
Walking Stuka Rocket Launcher
Advanced Optics
Cappie
KyrSor
Na_Orbite
Kampfstärke
Haritm_船长
这里也 没有
0
0
Comments
sign in to comment!
No comments posted yet!